 Dungeon Crawl Stone Soup version 0.31-a0-1005-gfbdfbacc72 (webtiles) character file.

Game seed: 14291109593390796473

52 BinkBink the Trooper (level 3, -2/33 HPs)
             Began as a Minotaur Fighter on Nov 11, 2023.
             Slain by an orc
             ... wielding a +0 war axe
              (5 damage)
             ... on level 3 of the Dungeon.
             The game lasted 00:01:23 (1490 turns).

BinkBink the Trooper (Minotaur Fighter)             Turns: 1490, Time: 00:01:25

Health: -2/33      AC:  8    Str: 22    XL:     3   Next: 60%
Magic:  2/2        EV:  9    Int:  5    God:
Gold:   88         SH:  4    Dex:  9    Spells: 2/2 levels left

rFire   . . .        a - +0 war axe
rCold   . . .        c - +0 buckler
rNeg    . . .        b - +0 scale mail
rPois   .            (helmet restricted)
rElec   .            (no cloak)
rCorr   .            (no gloves)
SInv    .            l - +0 pair of boots
Will    .....        (no amulet) Stlth
                     (no ring)
HPRegen 0.25/turn    (no ring)
MPRegen 0.08/turn

%: no passive effects
@: no status effects
A: horns 2, retaliatory headbutt
a: no special abilities


You were on level 3 of the Dungeon.
You visited 1 branch of the dungeon, and saw 3 of its levels.

You collected 88 gold pieces.

Inventory:

Hand Weapons
 a - a +0 war axe (weapon)
Armour
 b - a +0 scale mail (worn)
 c - a +0 buckler (worn)
 l - a +0 pair of boots (worn)
Scrolls
 g - 4 scrolls of vulnerability {unknown}
 h - a scroll of enchant weapon {unknown}
 i - 2 scrolls of fear {unknown}
 j - 5 scrolls of identify {unknown}
 k - a scroll of butterflies {unknown}
Potions
 d - a potion of might
 e - a potion of attraction {unknown}
 f - a potion of degeneration {unknown}
 m - a potion of brilliance {unknown}


   Skills:
 + Level 4.2 Fighting
 + Level 3.1 Axes
 + Level 4.1 Armour
 + Level 4.2 Shields


You had 2 spell levels left.
You didn't know any spells.
Your spell library contained the following spells:

 Spells                   Type           Power      Damage    Failure   Level
 Shock                    Conj/Air       0%         1d3       86%         1
 Call Canine Familiar     Summ           0%         N/A       99%         3
 Sigil of Binding         Hex            0%         N/A       99%         3
 Stone Arrow              Conj/Erth      0%         3d7       99%         3
 Swiftness                Air            0%         N/A       99%         3
 Airstrike                Air            0%         2d(0-16)  100%        4
 Animate Armour           Summ/Erth      0%         N/A       100%        4
 Dimensional Bullseye     Hex/Tloc       0%         N/A       100%        4
 Leda's Liquefaction      Hex/Erth       0%         N/A       100%        4
 Lehudib's Crystal Spear  Conj/Erth      0%         10d2      100%        8


Dungeon Overview and Level Annotations

Branches:
Dungeon (3/15)

Altars:
Fedhas
Kikubaaqudgha

Annotations:
D:3 Grinder


Innate Abilities, Weirdness & Mutations

You have a pair of horns on your head.
You reflexively headbutt those who attack you in melee.


Message History

Grinder gestures at you.
You suddenly lose the ability to move!
The orc hits you but does no damage. Grinder hits you.
You writhe in agony.
The orc hits you but does no damage. Grinder hits you but does no damage.
The orc hits you with a +0 war axe. Grinder gestures at you.
Pain shoots through your body!
* * * LOW HITPOINT WARNING * * *
You can move again.
You barely miss Grinder. You hit the orc. The orc hits you with a +0 war axe.
* * * LOW HITPOINT WARNING * * *
Grinder hits you but does no damage. You block the orc's attack.
You hit Grinder but do no damage. You closely miss the orc.
Grinder hits you but does no damage. You block the orc's attack.
You barely miss Grinder. Your headbutt misses Grinder.
You closely miss the orc. Grinder hits you but does no damage.
The orc misses you.
Grinder zaps a wand.
The puff of flame misses you. The orc hits you but does no damage.
You slash Grinder!
Grinder is moderately wounded.
You barely miss the orc. Grinder hits you but does no damage.
The orc hits you but does no damage.
You slash Grinder!
Grinder is heavily wounded.
You closely miss the orc. You block Grinder's attack.
The orc hits you but does no damage. Grinder hits you but does no damage.
You slash Grinder!
Grinder is severely wounded.
You barely miss the orc. The orc hits you but does no damage.
Grinder zaps a wand.
The puff of flame hits you.
* * * LOW HITPOINT WARNING * * *
The orc hits you but does no damage.
You completely miss Grinder.
Grinder is severely wounded.
You closely miss the orc. Grinder gestures at you.
Pain shoots through your body!
* * * LOW HITPOINT WARNING * * *
The orc hits you with a +0 war axe.
You die...

...................#
#############).#...#....#
......<.........>###....###
################.#........#
.# #.......(^...#........#
.# #.#########..#........#
#.# #..#........# #.#
#..#oo..$.[.# #.#
#.@#........# #.#
#.5oKo....... #####.#
##.#o!......# P.P##.#
#...........
._.##.#####################
...##.#<..........#
#####.###########.# # #.#
#.# #># #.#


You could see Grinder, 3 orcs and a kobold.

Vanquished Creatures
  An adder (D:2)
  A worm (D:3)
  An orc (D:3)
  2 bats (D:1)
  3 endoplasms
  A giant cockroach (D:1)
  4 hobgoblins
  4 jackals (D:2)
  4 kobolds
  2 quokkas
  5 ball pythons
  4 frilled lizards
  A goblin (D:2)
  A rat (D:1)
34 creatures vanquished.

Notes
Turn   | Place    | Note
-------+----------+-------------------------------------------
     0 | D:1      | BinkBink the Minotaur Fighter began the quest for the Orb.
     0 | D:1      | Reached XP level 1. HP: 19/19 MP: 0/0
   354 | D:1      | Reached XP level 2. HP: 27/27 MP: 1/1
  1069 | D:2      | Reached XP level 3. HP: 33/33 MP: 2/2
  1338 | D:3      | Found an ancient bone altar of Kikubaaqudgha.
  1338 | D:3      | Found a blossoming altar of Fedhas.
  1472 | D:3      | Noticed Grinder
  1478 | D:3      | Paralysed by Grinder for 2 turns
  1481 | D:3      | Paralysed by Grinder for 3 turns
  1490 | D:3      | Slain by an orc

Illustrated notes

Levels and vault maps discovered:
D:1:      doesnt_arrival_eight_statues, layout_basic
D:2:      layout_basic
D:3:      layout_basic, grunt_temple_overflow_growth_and_decay,
          kennysheep_generic_room_14, uniq_robin, uniq_pargi, uniq_jessica,
          uniq_grinder, uniq_crazy_yiuf_cottage

Skill      XL: |  1  2 |
---------------+-------+-----
Fighting       | 4 |  4.2
Shields        | 4 |  4.2
Armour         | 4 |  4.1
Axes           | 3 |  3.1

Action                     || total
---------------------------++-------
  Melee: War axe           ||    92
         Headbutt          ||     3
 Armour: Scale mail        ||    72
  Dodge: Dodged            ||    45
  Block: Buckler           ||    18

Table legend: (Time is in decaauts)
 A = Elapsed time spent in this place.
 B = Non-inter-level travel time spent in this place.
 C = Inter-level travel time spent in this place.
 D = Time resting spent in this place.
 E = Time spent auto-exploring this place.
 F = Levels seen in this place.
 G = Mean time per level.
                   A        B        C        D        E       F      G
               +--------+--------+--------+--------+--------+-----+--------+
         Total |   1524 |   1493 |     31 |      0 |   1256 |   3 |  508.0 |
       Dungeon |   1524 |   1493 |     31 |      0 |   1256 |   3 |  508.0 |
               +--------+--------+--------+--------+--------+-----+--------+

Top non-repeatable levels by time:
     D:1: 793 daAuts
     D:2: 503 daAuts
     D:3: 226 daAuts
